 Dungeon Crawl Stone Soup version 0.29-a0-323-g050149af67 (webtiles) character file.

Game seed: 3306146119280883104

7 Jortsu the Vandal (level 1, 19/19 HPs)
             Began as a Troll Hunter on Apr 11, 2022.
             Was a Follower of Vehumet.
             Quit the game on level 1 of the Dungeon.
             The game lasted 00:01:05 (988 turns).

Jortsu the Vandal (Troll Hunter)                     Turns: 988, Time: 00:01:05

Health: 19/19      AC:  4    Str: 18    XL:     1   Next: 91%
Magic:  0/0        EV: 10    Int:  5    God:    Vehumet [*.....]
Gold:   66         SH:  0    Dex: 13    Spells: 0/0 levels left

rFire   . . .      SeeInvis .   (no weapon)
rCold   . . .      Faith    .   (no shield)
rNeg    . . .      Spirit   .   b - +0 robe
rPois   .          Reflect  .   (helmet restricted)
rElec   .          Harm     .   (no cloak)
rCorr   .          Rampage  .   (gloves unavailable)
Will    .....                   (boots unavailable)
Stlth   +.........              (no amulet)
HPRegen 0.86/turn               (no ring)
MPRegen 0.07/turn               (no ring)

@: no status effects
A: large, unfitting armour, claws 3, regeneration 1, shaggy fur 1, tough skin 1
a: Renounce Religion


You were on level 1 of the Dungeon.
You worshipped Vehumet.
Vehumet was aware of your devotion.
You visited 1 branch of the dungeon, and saw 1 of its levels.

You collected 66 gold pieces.

Inventory:

Hand Weapons
 a - a +1 hunting sling
Armour
 b - a +0 robe (worn)
Scrolls
 c - a scroll of immolation
 g - a scroll of amnesia
Potions
 e - 2 potions of flight
 f - a potion of lignification


   Skills:
 + Level 1.5 Fighting
 + Level 2.9 Slings
 + Level 1.5 Dodging
 + Level 0.3 Stealth
 + Level 0.4 Unarmed Combat


You couldn't memorise any spells.
You didn't know any spells.
Your spell library was empty.

Dungeon Overview and Level Annotations

Branches:
Dungeon (1/15)

Altars:
Vehumet

Shops:
D:1 (


Innate Abilities, Weirdness & Mutations

You are too large for most types of armour.
You have claws for hands.
Your natural rate of healing is unusually fast.
You are covered in fur. (AC +1)
You have tough skin. (AC +1)


Message History

You closely miss the ball python. The ball python bites you.
You claw the ball python!
You kill the ball python!
You see here a ball python corpse.
A hobgoblin comes into view.
The hobgoblin shouts!
The hobgoblin closely misses you.
You scratch the hobgoblin.
The hobgoblin is lightly wounded.
The hobgoblin closely misses you.
You scratch the hobgoblin but do no damage.
The hobgoblin is lightly wounded.
The hobgoblin hits you but does no damage.
You scratch the hobgoblin.
The hobgoblin is severely wounded.
The hobgoblin closely misses you.
You scratch the hobgoblin.
You kill the hobgoblin!
You see here a hobgoblin corpse.
There is an open door here.
There is a stone staircase leading down here.
Found a faded altar of an unknown god.
There is a faded altar of an unknown god here.
You cannot tell which god this altar belongs to.
Convert to them anyway?
Vehumet accepts your prayer! Vehumet welcomes you!
You can now gain magical power from killing.
Vehumet offers you knowledge of Shock.
As you read the scroll labelled FELUOROBLU, it crumbles to dust.
You speak a Word of immense power!
It was a scroll of holy word.
As you read the scroll labelled TOMNEO FOTTOUF, it crumbles to dust.
It is a scroll of amnesia.
You feel forgetful for a moment.
As you read the scroll labelled XOAGHU DAKUYDE, it crumbles to dust.
It is a scroll of identify.
e - 2 potions of flight
As you read the scroll of identify, it crumbles to dust.
f - a potion of lignification Unknown command.
Are you sure you want to abandon this character and quit the game? (Confirm with "yes".)

###### ######## ##### #.....
#......########...###.####
#.....................#
#..#############.####.####
#...#...#P#...#..# #.##..
#...#.#.#.#.#.#..# #.##..
####....P.PP.....P..####'##..
#......#.#.#@#.#.#..##.......
#......#...#_#...#..##......#
#......#.#.#.#.#.#..##......#
#.........PP.PPP....##......#
#......#.#.#P#.#.#..........#
#......#.P.#.#.P.#...###.####
###+..#############.## #.#
#.#...............# #.#
#######.######.##..#########.####


There were no monsters in sight!

Vanquished Creatures
  A ball python (D:1)
  An endoplasm (D:1)
  A hobgoblin (D:1)
  A quokka (D:1)
  A bat (D:1)
  A kobold (D:1)
  A rat (D:1)
7 creatures vanquished.

Notes
Turn   | Place    | Note
-------+----------+-------------------------------------------
     0 | D:1      | Jortsu the Troll Hunter began the quest for the Orb.
     0 | D:1      | Reached XP level 1. HP: 19/19 MP: 0/0
   507 | D:1      | Found Dacuoduc's Antique Weapon Emporium.
   979 | D:1      | Found a faded altar of an unknown god.
   982 | D:1      | Prayed at the altar of an unknown god.
   982 | D:1      | Became a worshipper of Vehumet
   982 | D:1      | Reached * piety under Vehumet
   982 | D:1      | Offered knowledge of Shock by Vehumet.
   988 | D:1      | Quit the game

Illustrated notes

Levels and vault maps discovered:
D:1:      dpeg_arrival_simpleton_c, layout_basic, serial_shops,
          nicolae_shop_trees, shapermc_ecumenical_altar_mp_urbaneastern

Action                   || total
-------------------------++-------
Melee: Unarmed           ||    26
  Use: Scroll            ||     4
 Stab: Sleeping          ||     1
Armor: Robe              ||    12
Dodge: Dodged            ||    14

Table legend: (Time is in decaauts)
 A = Elapsed time spent in this place.
 B = Non-inter-level travel time spent in this place.
 C = Inter-level travel time spent in this place.
 D = Time resting spent in this place.
 E = Time spent auto-exploring this place.
 F = Levels seen in this place.
 G = Mean time per level.
                   A        B        C        D        E       F      G
               +--------+--------+--------+--------+--------+-----+--------+
         Total |    987 |    987 |      0 |      0 |    885 |   1 |  987.0 |
       Dungeon |    987 |    987 |      0 |      0 |    885 |   1 |  987.0 |
               +--------+--------+--------+--------+--------+-----+--------+

Top non-repeatable levels by time:
     D:1: 987 daAuts
